 Dungeon Crawl Stone Soup version 0.28-a0-1159-g27aa881441 (webtiles) character file.

Game seed: 15770478219756274754

85453 Gwenloh the Fighter (level 15, -8/86 HPs)
             Began as a Vine Stalker Berserker on Dec 15, 2021.
             Was the Champion of Trog.
             Mangled by a rust devil (9 damage)
             ... summoned by an orc high priest
             ... on level 2 of the Orcish Mines.
             The game lasted 01:07:08 (18958 turns).

Gwenloh the Fighter (Vine Stalker Berserker)       Turns: 18958, Time: 01:07:09

Health: -8/86      AC:  4    Str: 26    XL:     15   Next: 83%
Magic:  0/16       EV: 21    Int:  7    God:    Trog [******]
Gold:   2188       SH: 12    Dex: 21    Spells: 14/14 levels left

rFire   . . .      SeeInvis .   a - +5 broad axe (flame)
rCold   . . .      Faith    .   d - +1 kite shield {rN+}
rNeg    + + .      Spirit   +   G - +4 troll leather armour of Grace {rN+ Will++ Regen+}
rPois   .          Reflect  .   U - +0 helmet
rElec   .          Harm     .   E - +0 cloak
rCorr   .          Rampage  .   A - +0 pair of gloves
Will    +++++                   B - +0 pair of boots
Stlth   ++........              (no amulet)
HPRegen 2.84/turn               l - +6 ring of strength
MPRegen 0.15/turn               r - +4 ring of evasion

@: strong-willed (expiring), corroded, on berserk cooldown, regenerating
(expiring), slowed, studying Unarmed Combat, very slow
A: fangs 3, regeneration 1, magic shield, antimagic bite, no potion heal 2
a: Renounce Religion, Berserk, Trog's Hand, Brothers in Arms


You were on level 2 of the Orcish Mines.
You worshipped Trog.
Trog was exalted by your worship.
You visited 3 branches of the dungeon, and saw 19 of its levels.
You visited the Abyss 1 time.
You also visited: Volcano.

You collected 2188 gold pieces.

Inventory:

Hand Weapons
 a - a +5 broad axe of flaming (weapon)
 b - a +0 hunting sling
 m - the +6 trident "Hellblazer" {vorpal, Int+3 Dex+3}
   (You found it on level 1 of the Abyss)

   It inflicts extra damage upon your enemies.
   Int:       It affects your intelligence (+3).
   Dex:       It affects your dexterity (+3).
Missiles
 o - 190 sling bullets
 q - 2 boomerangs of dispersal
 y - 3 throwing nets
 N - 7 boomerangs (quivered)
 T - 5 silver javelins
Armour
 d - a +1 kite shield of positive energy (worn)
 A - a +0 pair of gloves (worn)
 B - a +0 pair of boots (worn)
 E - a +0 cloak (worn)
 G - the +4 troll leather armour of Grace (worn) {rN+ Will++ Regen+}
   (You found it on level 8 of the Dungeon)

   rN:        It protects you from negative energy.
   Regen:     It increases your rate of health regeneration.
   Will:      It greatly increases your willpower.
 U - a +0 helmet (worn)
Jewellery
 h - a ring of resist corrosion
 l - a +6 ring of strength (left hand)
 r - a +4 ring of evasion (right hand)
 x - a ring of protection from cold
 J - a ring of protection from fire
 O - a ring of poison resistance
 S - a ring of see invisible
Wands
 c - a wand of acid (2)
 j - a wand of charming (6)
 H - a wand of iceblast (19)
 Q - a wand of flame (7)
 R - a wand of mindburst (1)
 Y - a wand of polymorph (6)
Scrolls
 f - 8 scrolls of teleportation
 i - 2 scrolls of brand weapon
 k - 3 scrolls of blinking
 w - a scroll of fear
 z - 3 scrolls of immolation
 F - 4 scrolls of magic mapping
 P - a scroll of fog
 Z - a scroll of enchant armour {unknown}
Potions
 e - 8 potions of curing
 g - a potion of berserk rage {unknown}
 p - 2 potions of invisibility {unknown}
 t - 4 potions of attraction {unknown}
 C - 2 potions of lignification {unknown}
 D - 5 potions of heal wounds {unknown}
 I - 5 potions of haste {unknown}
 K - a potion of experience {unknown}
 M - 2 potions of mutation {unknown}
 V - 2 potions of magic {unknown}
 W - 4 potions of flight {unknown}
 X - 2 potions of might {unknown}


   Skills:
 + Level 13.4 Fighting
 + Level 13.4 Axes
 + Level 12.1 Armour
 - Level 10.0 Dodging
 + Level 6.6 Shields


You had 14 spell levels left.
You didn't know any spells.
Your spell library was empty.

Dungeon Overview and Level Annotations

Branches:
Dungeon (11/15)            Temple (0/1) D:7            Lair (6/6) D:11
 Shoals (0/4) Lair:2       Spider (0/4) Lair:4        Slime (0/5) Lair:6
    Orc (2/2) D:10        Volcano (visited)
    Elf: Orc:2

Altars:
Ashenzari
Elyvilon
Fedhas
Hepliaklqana
Kikubaaqudgha
Makhleb
Okawaru
Qazlal
Ru
Sif Muna
Trog
Wu Jian
Yredelemnul
Beogh
Jiyva

Shops:
D:9 :   Orc:2 ?[(=

Annotations:
D:4 exclusion: oklob plant


Innate Abilities, Weirdness & Mutations

You have razor-sharp teeth.
Your natural rate of healing is unusually fast.
When hurt, damage is shared between your health and your magic reserves.
Your bite disrupts and absorbs the magic of your enemies.
Potions cannot restore your health.


Message History

The orc high priest mumbles some strange prayers to Beogh.
You block the rust devil's attack. The orc barely misses you.
You miss the orc high priest. Your bite misses the orc high priest.
The orc high priest is moderately wounded.
You hit the orc but do no damage. You hit the rust devil. You miss something.
You feel the effects of Trog's Hand fading.
Something barely misses you.
The orc high priest hits you with a +0 long sword of electrocution!
You block the rust devil's attack. The orc closely misses you.
The soul eater draws from the surrounding life force!
The orc priest mumbles some strange prayers to Beogh against you.
Beogh smites you!
The orc high priest prays.
The orc high priest hits you with a +0 long sword of electrocution.
The rust devil completely misses you.
You slash the orc high priest! You burn the orc high priest.
You bite the orc high priest, but do no damage.
The orc high priest is heavily wounded.
You hit the orc. You burn the orc.
You kill the orc!
Trog accepts your kill.
You slash the rust devil! You closely miss the two-headed ogre.
The orc high priest invokes the aid of Beogh against you.
Beogh smites you!
The two-headed ogre hits you with a +0 giant club!
* * * LOW HITPOINT WARNING * * *
The two-headed ogre hits you with a +0 giant club!
* * * LOW HITPOINT WARNING * * *
The rust devil hits you.
* * * LOW HITPOINT WARNING * * *
The rust devil corrodes you! You block the soul eater's attack.
The orc priest miscasts a cantrip.
The soul eater draws from the surrounding life force!
* * * LOW HITPOINT WARNING * * *
The orc high priest hits you with a +0 long sword of electrocution.
* * * LOW HITPOINT WARNING * * *
You are electrocuted!
* * * LOW HITPOINT WARNING * * *
The rust devil hits you!
You die...

.....#..#
##.......
.....#..#
#.......
#........#..#
##......
#O.......#..#
###....
#....... #..#
##.... #o.....
#..# ##.....
#O.... #..#
#...... . #....
##..# ###....
...###.3###4@.#
#......
.....o..O)Oo3##
##......
......)o)OOO##
#####.......
......)).))##
#.##........
.oO...o...##
##........#.
.o........#
##.........
...........
#.......##
............
#.........
..o........#.
###.......


You could see a soul eater (summoned), an orc high priest, 2 two-headed ogres, a
rust devil (summoned), an orc warrior, 3 ogres and 2 orc priests.

Vanquished Creatures
  Rupert (Orc:2)
  A tentacled starspawn (Abyss:1)
  An ice dragon (Lair:6)
  2 ogre magi (Orc:2)
  Harold (D:8)
  5 hydras
  2 catoblepae
  A centaur warrior (Volcano)
  14 death yaks (Lair:6)
  11 two-headed ogres
  A thrashing horror (Abyss:1)
  Sonja (Lair:1)
  A fire crab (Lair:5)
  A sixfirhy (Abyss:1)
  A lindwurm (Lair:6)
  An oklob plant (Lair:4)
  2 orc knights (Orc:2)
  2 manticores
  A worldbinder (Abyss:1)
  A cyclops (Orc:1)
  13 elephants
  A wolf spider (Lair:6)
  12 black mambas
  4 torpor snails (Lair:6)
  Joseph (D:8)
  A gargoyle (D:10)
  16 cane toads
  Maggie (D:7)
  3 rime drakes
  7 komodo dragons
  A wind drake (Lair:2)
  An ancient zyme (Abyss:1)
  6 trolls
  A large abomination (Abyss:1)
  4 tyrant leeches (Lair:6)
  9 hornets (Lair:6)
  Prince Ribbit (D:6)
  20 blink frogs
  3 raiju (Abyss:1)
  A shadow (D:11)
  3 redbacks (Lair:6)
  A water elemental (D:11)
  A fire bat (Abyss:1)
  14 wyverns
  44 yaks
  5 basilisks
  A steam dragon (D:10)
  Menkaure (D:4)
  2 wargs (Orc:2)
  31 water moccasins
  Edmund (D:4)
  2 acid dragons
  Duvessa (D:7)
  3 black bears
  2 sky beasts
  A swamp drake (D:10)
  2 ice beasts
  21 orc warriors
  A necrophage (D:7)
  17 ogres
  19 wolves
  9 centaurs
  2 kobold brigands
  8 bullfrogs
  A gnoll sergeant (D:11)
  A wyvern zombie (D:8)
  4 scorpions
  Dowan (D:7)
  A water moccasin skeleton (D:6)
  3 howler monkeys
  5 electric eels
  4 centaur zombies
  A crimson imp (Abyss:1)
  A bullfrog zombie (D:7)
  7 hounds
  3 small abominations (Abyss:1)
  Crazy Yiuf (D:7)
  16 orc priests
  An iron imp (Abyss:1)
  A centaur skeleton (D:3)
  2 gnoll shamans (D:5)
  3 iguanas
  Terence (D:2)
  20 orc wizards
  2 hound skeletons (D:5)
  19 gnolls
  2 river rats (D:3)
  6 adders
  2 white imps (D:5)
  An ufetubus (D:5)
  6 worms
  2 dart slugs (D:1)
  64 orcs
  6 ball pythons
  7 bats
  5 endoplasms
  A giant cockroach (D:2)
  4 goblins
  8 hobgoblins
  10 jackals
  13 kobolds
  5 quokkas
  6 frilled lizards
  7 rats
  A bush (Lair:4)
603 creatures vanquished.

Vanquished Creatures (collateral kills)
  2 death yaks (Lair:6)
  A lindwurm (Lair:6)
  7 elephants (Lair:6)
  A guardian serpent (Lair:6)
  A torpor snail (Lair:6)
  A polar bear (Lair:6)
  3 yaks (Lair:6)
  An ogre (Orc:2)
  A wolf (Lair:6)
18 creatures vanquished.

Vanquished Creatures (others)
  2 bushes (Lair:5)
  40 fungi
  90 plants
  2 starspawn tentacles (Abyss:1)
134 creatures vanquished.

Grand Total: 755 creatures vanquished

Notes
Turn   | Place    | Note
-------+----------+-------------------------------------------
     0 | D:1      | Gwenloh the Vine Stalker Berserker began the quest for the
                  | Orb.
     0 | D:1      | Reached XP level 1. HP: 11/11 MP: 2/2
   312 | D:1      | Reached XP level 2. HP: 10/16 MP: 3/3
   829 | D:1      | Found a faded altar of an unknown god.
  1123 | D:1      | Reached XP level 3. HP: 17/20 MP: 4/4
  2041 | D:2      | Gained mutation: Your natural rate of healing is unusually
                  | fast. [Vine Stalker growth]
  2041 | D:2      | Reached XP level 4. HP: 18/24 MP: 5/5
  2378 | D:2      | Noticed a scorpion
  2386 | D:2      | Killed a scorpion
  2387 | D:2      | Reached XP level 5. HP: 28/28 MP: 6/6
  2431 | D:2      | Noticed Terence
  2442 | D:2      | Killed Terence
  2704 | D:3      | Reached ** piety under Trog
  2837 | D:3      | Reached XP level 6. HP: 33/33 MP: 7/7
  3001 | D:3      | Found a hazy altar of Hepliaklqana.
  3210 | D:3      | Found a sacrificial altar of Ru.
  4030 | D:4      | Noticed Edmund
  4040 | D:4      | Killed Edmund
  4041 | D:4      | Reached skill level 1 in Shields
  4041 | D:4      | Reached XP level 7. HP: 37/37 MP: 6/8
  4108 | D:4      | Found a blossoming altar of Fedhas.
  4120 | D:4      | Noticed an oklob plant
  4245 | D:4      | Found a bloodstained altar of Trog.
  4245 | D:4      | Found a shimmering blue altar of Sif Muna.
  4245 | D:4      | Found a basalt altar of Yredelemnul.
  4256 | D:4      | Found an iron altar of Okawaru.
  4258 | D:4      | Found a white marble altar of Elyvilon.
  4259 | D:4      | Found an ornate altar of the Wu Jian Council.
  4261 | D:4      | Found a broken altar of Ashenzari.
  4264 | D:4      | Found an ancient bone altar of Kikubaaqudgha.
  4279 | D:4      | Found a stormy altar of Qazlal.
  4511 | D:4      | Noticed Menkaure
  4517 | D:4      | Killed Menkaure
  4797 | D:5      | Entered Level 5 of the Dungeon
  5004 | D:5      | Gained mutation: You have razor-sharp teeth. [Vine Stalker
                  | growth]
  5004 | D:5      | Reached XP level 8. HP: 37/42 MP: 7/9
  5068 | D:5      | Reached skill level 5 in Axes
  5140 | D:5      | Reached skill level 5 in Fighting
  5631 | D:6      | Reached XP level 9. HP: 43/48 MP: 8/10
  5658 | D:6      | Noticed Prince Ribbit
  5659 | D:6      | Noticed a manticore
  5667 | D:6      | Reached skill level 5 in Armour
  5671 | D:6      | Killed Prince Ribbit
  5672 | D:6      | Killed a manticore
  6412 | D:7      | Noticed Maggie
  6424 | D:7      | Killed Maggie
  6571 | D:7      | Reached XP level 10. HP: 49/55 MP: 8/11
  6779 | D:7      | Found a staircase to the Ecumenical Temple.
  6868 | D:7      | Noticed Dowan
  6870 | D:7      | Noticed Duvessa
  6878 | D:7      | Killed Dowan
  6888 | D:7      | Killed Duvessa
  6996 | D:7      | Found a runed translucent door.
  6997 | D:7      | Noticed Crazy Yiuf
  7004 | D:7      | Killed Crazy Yiuf
  7468 | D:8      | Noticed Harold
  7476 | D:8      | Killed Harold
  7515 | D:8      | Identified the +4 troll leather armour of Grace {rN+ Will++
                  | Regen+}
  7875 | D:8      | Noticed Joseph
  7888 | D:8      | Killed Joseph
  8219 | D:9      | Reached XP level 11. HP: 52/60 MP: 10/12
  8234 | D:9      | Found Sonihiam's Book Shoppe.
  8275 | D:9      | Reached skill level 5 in Dodging
  8286 | D:9      | Reached *** piety under Trog
  8316 | D:9      | Found a burning altar of Makhleb.
  8775 | D:10     | Entered Level 10 of the Dungeon
  9158 | D:10     | Found a staircase to the Orcish Mines.
  9734 | D:10     | Noticed a two-headed ogre
  9743 | D:10     | Killed a two-headed ogre
 10487 | D:11     | Found a staircase to the Lair.
 10506 | D:11     | Reached **** piety under Trog
 11112 | D:11     | Noticed an eight-headed hydra
 11120 | D:11     | Killed an eight-headed hydra
 11189 | Lair:1   | Entered Level 1 of the Lair of Beasts
 11335 | Lair:1   | Reached XP level 12. HP: 64/67 MP: 13/13
 11589 | Lair:1   | Noticed Sonja
 11603 | Lair:1   | Cast into level 1 of the Abyss (Sonja)
 11625 | Abyss:1  | Identified the +6 trident "Hellblazer" {vorpal, Int+3
                  | Dex+3}
 11679 | Abyss:1  | Found a corrupted altar of Lugonu.
 11824 | Abyss:1  | Noticed a thrashing horror
 11831 | Abyss:1  | Killed a thrashing horror
 11905 | Abyss:1  | Noticed a wretched star
 11924 | Abyss:1  | Noticed a tentacled starspawn
 11939 | Abyss:1  | Killed a tentacled starspawn
 11940 | Abyss:1  | Reached skill level 10 in Axes
 11943 | Abyss:1  | Reached skill level 10 in Fighting
 12006 | Abyss:1  | Noticed a thrashing horror
 12035 | Lair:1   | Escaped the Abyss
 12055 | Lair:1   | Killed Sonja
 12622 | Lair:2   | Noticed a five-headed hydra
 12631 | Lair:2   | Killed a five-headed hydra
 12794 | Lair:2   | Reached XP level 13. HP: 72/72 MP: 12/14
 12991 | Lair:2   | Found a staircase to the Shoals.
 13535 | Lair:3   | Found a dark tunnel.
 13543 | Volcano  | Entered a volcano
 15228 | Lair:4   | Found a hole to the Spider Nest.
 15289 | Lair:4   | You fall into a shaft and drop 2 floors!
 15289 | Lair:6   | Entered Level 6 of the Lair of Beasts
 15312 | Lair:6   | Reached skill level 10 in Armour
 15344 | Lair:6   | Found a runed translucent door.
 15344 | Lair:6   | Noticed an ice dragon
 15511 | Lair:6   | Paralysed by a hornet for 1 turns
 15519 | Lair:6   | Paralysed by a hornet for 3 turns
 15730 | Lair:6   | Reached XP level 14. HP: 46/79 MP: 15/15
 15853 | Lair:6   | HP: 6/120 [death yak (8)]
 15984 | Lair:6   | Reached skill level 10 in Dodging
 16180 | Lair:6   | Reached XP level 15. HP: 76/85 MP: 16/16
 16392 | Lair:6   | Found a staircase to the Slime Pits.
 16392 | Lair:6   | Found a viscous altar of Jiyva.
 16756 | Lair:6   | Upgraded the game from 0.28-a0-1152-g9c71ebef14 to
                  | 0.28-a0-1159-g27aa881441
 16764 | Lair:5   | Reached skill level 5 in Shields
 16766 | Lair:5   | Reached ***** piety under Trog
 18393 | Orc:1    | Entered Level 1 of the Orcish Mines
 18601 | Orc:2    | Entered Level 2 of the Orcish Mines
 18835 | Orc:2    | Reached ****** piety under Trog
 18900 | Orc:2    | Found Kafutoox's Antique Weapon Emporium.
 18900 | Orc:2    | Found Jalowif's Magic Scroll Boutique.
 18900 | Orc:2    | Found Apleic's Jewellery Shop.
 18900 | Orc:2    | Found Buluv's Antique Armour Emporium.
 18910 | Orc:2    | Noticed Rupert
 18918 | Orc:2    | Killed Rupert
 18928 | Orc:2    | Received a gift from Trog
 18958 | Orc:2    | HP: 1/86 [orc high priest (7)]
 18958 | Orc:2    | Mangled by a rust devil

Illustrated notes

Levels and vault maps discovered:
D:1:      shiori_arrival_maze, layout_basic, basic_ecumenical_altar
D:2:      minmay_spotlight, layout_basic, chequers_serial_rivers_room_b,
          uniq_terence
D:3:      layout_loops_ring, nicolae_ru_the_path_less_chosen,
          mainiacjoe_overflow_tiny_flanked, lightli_sewer_entry_pipes
D:4:      layout_basic, tgw_fedhas, nicolae_overflow_hallway_of_the_gods,
          minmay_between, uniq_edmund, uniq_menkaure
D:5:      layout_gridville, feat_on_display
D:6:      layout_basic, minmay_manual_mail, uniq_prince_ribbit1
D:7:      layout_loops_corners, minmay_temple_entry_steel_oval, uniq_maggie,
          uniq_crazy_yiuf_cottage, uniq_duvessa
D:8:      layout_loops_ring, uniq_joseph, uniq_harold
D:9:      layout_basic, nicolae_overflow_crystal_walls, serial_shops,
          nicolae_shop_stone, kennysheep_decorative_pillar
D:10:     layout_layer_cave, erik_orc_1, minmay_starry_boxes
D:11:     layout_roguey, erik_lair_island
Lair:1:   layout_cave_pods, uniq_sonja
Lair:2:   layout_gridlike, minmay_shoals_entry_beasts
Lair:3:   layout_regular_city, lightli_volcano_entry_magma_tube,
          chequers_serial_rivers_micro_c, grunt_megastairs_3
Lair:4:   layout_big_grid, spider_nest_entry_web_field, minmay_lair_oklob_items
Lair:5:   layout_gridlike
Lair:6:   hangedman_lair_tendril_chambers, layout_misc_corridors, wormcave,
          slime_altar_1, serial_bayou_shore_a
Orc:1:    layout_caves
Orc:2:    st_orc_ogre_mass, layout_diamond_mine, basic_altar, uniq_rupert

Skill      XL: |  1  2  3  4  5  6  7  8  9 10 11 12 13 14 15 |
---------------+----------------------------------------------+-----
Axes           | 3 4 5 7 8 9 10 11 12 13 | 13.4
Fighting       | 3 4 5 7 8 9 10 11 12 13 | 13.4
Armour         | 2 3 4 6 7 8 9 10 11 12 | 12.1
Dodging        | 2 3 4 6 7 9 10 | 10.0
Shields        | 1 2 3 4 6 |  6.6

Action                   |  1- 3 |  4- 6 |  7- 9 | 10-12 | 13-15 || total
-------------------------+-------+-------+-------+-------+-------++-------
Melee: Hand axe          |    71 |   159 |   196 |   574 |    64 ||  1064
       Bite              |    19 |    42 |    87 |   300 |   340 ||   788
       Morningstar       |       |       |       |     8 |       ||     8
       Trident           |       |       |       |    10 |       ||    10
       Broad axe         |       |       |       |       |   674 ||   674
 Fire: Hunting sling     |       |       |       |   142 |    41 ||   183
Throw: Stone             |    28 |    70 |    68 |     9 |       ||   175
       Boomerang         |       |       |       |    18 |    24 ||    42
Invok: Berserk           |     3 |     4 |     7 |    17 |     9 ||    40
       Trog's Hand       |       |     3 |     6 |     7 |     7 ||    23
       Brothers in Arms  |       |       |       |       |     7 ||     7
Evoke: Wand              |       |       |       |     9 |     3 ||    12
  Use: Scroll            |       |       |     4 |     3 |    15 ||    22
       Potion            |       |       |       |     1 |     1 ||     2
 Stab: Sleeping          |     1 |       |       |       |     1 ||     2
       Distracted        |       |       |       |       |     1 ||     1
Armor: Animal skin       |    10 |     1 |       |       |       ||    11
       Ring mail         |       |    28 |       |       |       ||    28
       Scale mail        |       |     8 |    55 |       |       ||    63
       Swamp dragon scal |       |       |     2 |    25 |       ||    27
       Troll leather arm |       |       |       |   114 |   197 ||   311
Dodge: Dodged            |    41 |    76 |    91 |   413 |   750 ||  1371
Block: Buckler           |       |     1 |    46 |   138 |   156 ||   341
       Kite shield       |       |       |       |       |   212 ||   212

Table legend: (Time is in decaauts)
 A = Elapsed time spent in this place.
 B = Non-inter-level travel time spent in this place.
 C = Inter-level travel time spent in this place.
 D = Time resting spent in this place.
 E = Time spent auto-exploring this place.
 F = Levels seen in this place.
 G = Mean time per level.
                   A        B        C        D        E       F      G
               +--------+--------+--------+--------+--------+-----+--------+
         Total |  19413 |  18501 |    912 |   1740 |  12102 |  21 |  924.4 |
       Dungeon |  11581 |  10931 |    650 |    662 |   8119 |  11 | 1052.8 |
          Lair |   6057 |   5806 |    251 |    342 |   3746 |   6 | 1009.5 |
  Orcish Mines |    582 |    572 |     10 |     10 |    154 |   2 |  291.0 |
         Abyss |    445 |    445 |      0 |     70 |     83 |   1 |  445.0 |
       Volcano |    746 |    746 |      0 |    655 |      0 |   1 |  746.0 |
               +--------+--------+--------+--------+--------+-----+--------+

Top non-repeatable levels by time:
     D:1: 1692 daAuts
    D:10: 1652 daAuts
  Lair:6: 1566 daAuts
     D:4: 1209 daAuts
     D:7: 1057 daAuts
     D:2: 1047 daAuts
  Lair:1: 1002 daAuts
     D:3: 995 daAuts
  Lair:3: 979 daAuts
  Lair:2: 920 daAuts
  Lair:5: 915 daAuts
    D:11: 889 daAuts
     D:8: 857 daAuts
     D:6: 810 daAuts
 Volcano: 746 daAuts
